 Dungeon Crawl Stone Soup version 0.30.0-7-g0c4daa9e05 (webtiles) character file.

Game seed: 15288963440578981043

44 Atelerd the Digger (level 3, -6/21 HPs)
             Began as an Octopode Earth Elementalist on May 13, 2023.
             Mangled by Ijyb
             ... wielding a +0 club
              (7 damage)
             ... on level 3 of the Dungeon.
             The game lasted 00:00:50 (1623 turns).

Atelerd the Digger (Octopode Earth Elementalist)    Turns: 1623, Time: 00:00:50

Health: -6/21      AC:  1    Str:  7    XL:     3   Next: 62%
Magic:  0/7        EV: 13    Int: 19    God:
Gold:   53         SH:  0    Dex: 12    Spells: 6/7 levels left

rFire   . . .        h - +1 dagger (drain)
rCold   . . .        (no shield)
rNeg    . . .        (helmet restricted)
rPois   .            (no amulet)
rElec   .            (no ring)
rCorr   .            (no ring)
SInv    .            (no ring)
Will    .....        (no ring)
Stlth   +++          (no ring)
HPRegen 0.23/turn    (no ring)
MPRegen 0.10/turn    (no ring)
                     (no ring)

%: no passive effects
@: no status effects
A: almost no armour, amphibious, 8 rings, camouflage 1, gelatinous body 1,
(nimble swimmer 1), tentacles
a: no special abilities


You were on level 3 of the Dungeon.
You visited 1 branch of the dungeon, and saw 3 of its levels.

You collected 53 gold pieces.

Inventory:

Hand Weapons
 c - a +0 short sword
 h - a +1 dagger of draining (weapon)
Jewellery
 e - a ring of fire
Scrolls
 b - 2 scrolls of identify {unknown}
 f - a scroll of enchant armour {unknown}
 g - 2 scrolls of poison {unknown}
 l - a scroll of vulnerability {unknown}
 m - a scroll of silence {unknown}
Potions
 a - a potion of magic
 d - a potion of heal wounds {unknown}
 i - 2 potions of berserk rage {unknown}
 j - a potion of lignification {unknown}
 k - a potion of mutation {unknown}


   Skills:
 + Level 0.2 Short Blades
 + Level 2.2 Dodging
 + Level 3.2 Stealth
 + Level 2.7 Spellcasting
 + Level 1.0 Transmutations
 + Level 3.5 Earth Magic


You had 6 spell levels left.
You knew the following spells:

 Your Spells              Type           Power      Damage    Failure   Level
a - Sandblast             Erth           32%        2d9       3%          1

Your spell library contained the following spells:

 Spells                   Type           Power      Damage    Failure   Level
 Passwall                 Tmut/Erth      9%         N/A       10%         2
 Stone Arrow              Conj/Erth      18%        3d8       22%         3
 Volatile Blastmotes      Fire/Tloc      4%         2d10      43%         3
 Petrify                  Tmut/Erth      11%        N/A       52%         4
 Lee's Rapid Deconstruct  Erth           8%         3d7*      69%         5
 Fulminant Prism          Conj/Hex       1%         3d5       83%         4
 Iskenderun's Mystic Bla  Conj/Tloc      2%         2d3       83%         4


Dungeon Overview and Level Annotations

Branches:
Dungeon (2/15)

Altars:

Annotations:
D:3 Ijyb


Innate Abilities, Weirdness & Mutations

You cannot wear most types of armour.
You are amphibious.
You can wear up to eight rings at the same time.
Your skin changes colour to match your surroundings (Stealth+).
Your rubbery body absorbs attacks. (AC +1, EV +1)
((You are camouflaged when in or above water. (Stealth+)))
You have tentacles for arms and can constrict up to eight enemies at once.


Message History

* * * LOW HITPOINT WARNING * * *
Casting: Sandblast (safe; 3% risk of failure)
Confirm with . or Enter, or press ? or * to list all spells.
Aiming: Sandblast (safe; 3% risk of failure)
Press: ? - help, Shift-Dir - straight line, f/p - Ijyb
Aim: Ijyb, wielding a +0 club, wearing a +0 leather armour and carrying a wand of iceblast (2) (heavily wounded, 77% to hit)
The blast of sand misses Ijyb.
Ijyb hits you but does no damage.
Unknown command.
Ijyb is nearby!
Casting: Sandblast (safe; 3% risk of failure)
Confirm with . or Enter, or press ? or * to list all spells.
Aiming: Sandblast (safe; 3% risk of failure)
Press: ? - help, Shift-Dir - straight line, f/p - Ijyb
Aim: Ijyb, wielding a +0 club, wearing a +0 leather armour and carrying a wand of iceblast (2) (heavily wounded, 77% to hit)
The blast of sand hits Ijyb but does no damage.
Ijyb is heavily wounded.
Ijyb closely misses you.
Ijyb screams, "Me very upset!"
Ijyb closely misses you.
Unknown command.
Casting: Sandblast (safe; 3% risk of failure)
Confirm with . or Enter, or press ? or * to list all spells.
Aiming: Sandblast (safe; 3% risk of failure)
Press: ? - help, Shift-Dir - straight line, f/p - Ijyb
Aim: Ijyb, wielding a +0 club, wearing a +0 leather armour and carrying a wand of iceblast (2) (heavily wounded, 77% to hit)
The blast of sand hits Ijyb.
Ijyb is heavily wounded.
Ijyb hits you with a +0 club.
* * * LOW HITPOINT WARNING * * *
Casting: Sandblast (safe; 3% risk of failure)
Confirm with . or Enter, or press ? or * to list all spells.
Aiming: Sandblast (safe; 3% risk of failure)
Press: ? - help, Shift-Dir - straight line, f/p - Ijyb
Aim: Ijyb, wielding a +0 club, wearing a +0 leather armour and carrying a wand of iceblast (2) (heavily wounded, 77% to hit)
The blast of sand hits Ijyb but does no damage.
Ijyb is heavily wounded.
Ijyb hits you with a +0 club.
* * * LOW HITPOINT WARNING * * *
Ijyb hits you with a +0 club!
You die...

#.....# #.# ###.### #.#
#.# #.# #.##### ######
#.# #.....# .....# #.#
#####.##.....## #.#
#.#$......######.###
#####.#.g.....##.......#
#.....#@......##.###.#)#
#.#........##.##.###.#.#
#...###.#### #.##..#.#
##.# #... #.##.##.#
###.###########
#.......# .......(.....#
####.####
##......####.######.#
#......##..........#
#.........#.########


You could see Ijyb.

Vanquished Creatures
  A worm (D:2)
  6 bats (D:1)
  5 endoplasms
  2 giant cockroaches (D:1)
  2 goblins (D:1)
  4 hobgoblins (D:1)
  4 jackals
  4 kobolds (D:1)
  2 ball pythons (D:1)
  A frilled lizard (D:1)
  6 rats
37 creatures vanquished.

Notes
Turn   | Place    | Note
-------+----------+-------------------------------------------
     0 | D:1      | Atelerd the Octopode Earth Elementalist began the quest for
                  | the Orb.
     0 | D:1      | Reached XP level 1. HP: 11/11 MP: 3/3
   234 | D:1      | Reached XP level 2. HP: 17/17 MP: 3/5
   696 | D:1      | Reached XP level 3. HP: 21/21 MP: 4/6
  1518 | D:2      | You fall into a shaft and drop 1 floor!
  1612 | D:3      | Noticed Ijyb
  1623 | D:3      | HP: 1/21 [Ijyb/+0 club (1)]
  1623 | D:3      | Mangled by Ijyb

Illustrated notes

Levels and vault maps discovered:
D:1:      denvon_arrival_planthouse, layout_loops_corners, minivault_4,
          minmay_pentomino_u4
D:2:      layout_rooms, ebering_ecumenical_altar_abandoned,
          nicolae_eternal_life, grunt_ministairs_14
D:3:      layout_loops_cross, dk_yredelemnul_ordeal, uniq_jessica, uniq_ijyb

Skill      XL: |  1  2 |
---------------+-------+-----
Stealth        | 3 |  3.2
Short Blades   | |  0.2
Dodging        | |  2.2
Spellcasting   | |  2.7
Transmutations | |  1.0
Earth Magic    | |  3.5

Action                     || total
---------------------------++-------
  Melee: Constrict         ||     7
         Unarmed           ||     2
         Short sword       ||     3
         Dagger            ||    16
         Tentacles         ||     3
   Cast: Sandblast         ||    45
   Stab: Sleeping          ||     6
 Armour: Skin              ||     3
  Dodge: Dodged            ||    25
